AoeStats
← 知耻而后勇喜笑颜开

Arabia

510376255Analyzed
1v1 RM · 17h ago on Sep 30, 2026· 37m 16s· 2 players
Game mode
Random Map
Map size
Tiny (2 player)
Population
200
Speed
Normal
Resources
Standard
Victory
Conquest
Starting age
Dark Age
Ending age
Imperial Age
RankedLock teamsTeams togetherTeam positionsShared explorationLock speedFull tech treeHidden civsTurbo modeCheats
Victory
Defeat
🇲🇽 Hindustanis · Mexico
1370
+18
1404
-18
HK | Jai Guru Deva
10:46 Feudal Age
9:04 Loom
10:50 Feudal Age
16:10 Castle Age
15:14 Double-Bit Axe
15:09 Horse Collar
26:11 Heavy Plow
29:14 Wheelbarrow
28:53 Bow Saw
28:36 Town Watch
32:17 Imperial Age
31:25 Padded Archer Armor
31:46 Ballistics
32:01 Scale Barding Armor
32:07 Forging
32:34 Leather Archer Armor
31:57 Light Cavalry
32:49 Bloodlines
34:00 Chemistry
33:13 Bloodlines
33:33 Conscription
33:15 Shatagni
33:11 Hussar
知耻而后勇喜笑颜开
9:07 Feudal Age
9:21 Loom
9:33 Double-Bit Axe
9:35 Town Watch
9:31 Horse Collar
10:03 Town Watch
10:59 Wheelbarrow
18:59 Castle Age
17:35 Forging
17:31 Scale Barding Armor
17:22 Gold Mining
20:04 Bow Saw
19:55 Heavy Plow
20:17 Hand Cart
21:38 Iron Casting
22:01 Fervor
22:22 Stone Mining
24:25 Stone Shaft Mining
26:00 Fletching
28:13 Treadmill Crane
29:13 Atonement
35:05 Imperial Age
32:51 Scale Mail Armor
33:16 Squires
33:01 Arson
33:58 Iron Casting
34:29 Ballistics
34:43 Pikeman
35:38 Fletching
36:49 Blast Furnace
36:04 Chain Mail Armor
36:18 Conscription
36:24 Bodkin Arrow
36:34 Padded Archer Armor
37:39 Chemistry
36:50 Masonry
36:37 Elite Skirmisher
37:19 Bracer
Connection lost

Rejoining the realm…

Still unreachable

The connection could not be restored.

Session expired

The server has moved on; the page needs a fresh start.